 Dungeon Crawl Stone Soup version 0.22-a0-362-g535178c5c5 (webtiles) character file.

1376 NessosFandom the Fighter (level 8, 0/78 HPs)
             Began as a Centaur Warper on Apr 20, 2018.
             Slain by a wight
             ... wielding a cursed +0 scimitar
              (11 damage)
             ... on level 7 of the Dungeon.
             The game lasted 00:09:01 (5512 turns).

NessosFandom the Fighter (Centaur Warper)           Turns: 5512, Time: 00:09:02

Health: 0/78       AC: 23    Str: 14    XL:     8   Next: 39%
Magic:  10/10      EV:  4    Int: 12    God:
Gold:   270        SH:  0    Dex: 11    Spells: 4/10 levels left

rFire    + . .     SeeInvis +   N - +1 flail (protect)
rCold    . . .     Gourm    .   (no shield)
rNeg     . . .     Faith    .   E - +8 chain mail of the Moon {+Fly rF+}
rPois    .         Spirit   .   (no helmet)
rElec    .         Reflect  .   (no cloak)
rCorr    .         Harm     .   (no gloves)
MR       .....                  (no barding)
Stlth    ..........             (no amulet)
HPRegen  0.23/turn              g - ring of see invisible
MPRegen  0.12/turn              c - ring of stealth

@: protection aura, drained, very quick
A: large, hooves 3, deformed body, speed 2, tough skin 3
a: Evoke Flight


You were on level 7 of the Dungeon.
You were not hungry.

You visited 1 branch of the dungeon, and saw 7 of its levels.

You collected 270 gold pieces.

Inventory:

Hand Weapons
 a - a +0 spear
 I - a +1 dagger of venom
 N - a +1 flail of protection (weapon)
Missiles
 e - 5 tomahawks of dispersal
 j - 63 poisoned needles
 q - 45 bolts
 v - 5 javelins (quivered)
 D - 19 arrows
Armour
 b - a +0 leather armour
 E - the +8 chain mail of the Moon (worn) {+Fly rF+}
   (You found it on level 4 of the Dungeon)

   It protects you from fire.
   It lets you fly.
 K - a +1 chain mail of cold resistance
Jewellery
 c - a ring of stealth (right hand)
 g - a ring of see invisible (left hand)
 l - an uncursed ring of ice
 n - an uncursed ring of flight {unknown}
 H - an uncursed ring of stealth
Wands
 J - a wand of paralysis (2)
 M - a wand of disintegration (10)
Scrolls
 d - 6 scrolls of blinking
 i - 6 scrolls of identify {unknown}
 r - a scroll of teleportation {unknown}
 s - a scroll of random uselessness {unknown}
 u - a scroll of fog {unknown}
 w - a scroll of magic mapping {unknown}
 x - 2 scrolls of amnesia {unknown}
 y - a scroll of fear {unknown}
 B - 2 scrolls of enchant armour {unknown}
 G - 4 scrolls of remove curse {unknown}
Potions
 h - 2 potions of resistance {unknown}
 m - 2 potions of degeneration {unknown}
 o - a potion of brilliance {unknown}
 p - a potion of lignification {unknown}
 t - a potion of agility
 z - a potion of flight {unknown}
 A - a potion of might {unknown}
 C - a potion of mutation {unknown}
 F - 2 potions of heal wounds {unknown}
Comestibles
 f - 13 rations
 L - 3 chunks of flesh


   Skills:
 + Level 9.1(8.6) Fighting
 - Level 1.7(1.3) Polearms
 - Level 1.1(0.7) Throwing
 + Level 4.0(3.5) Armour
 - Level 1.3(0.9) Dodging
 - Level 1.5(1.1) Spellcasting
 - Level 2.6(2.2) Translocations


You had 4 spell levels left.
You knew the following spells:

 Your Spells              Type           Power        Failure   Level  Hunger
b - Blink                 Tloc           N/A          99%         2    ###....
g - Passage of Golubria   Tloc           N/A          100%        4    #####..


Dungeon Overview and Level Annotations

Branches:
Dungeon (7/15)
 Temple: D:4-7

Altars:
Hepliaklqana


Innate Abilities, Weirdness & Mutations

You have hooves in place of feet.
Armour fits poorly on your strangely shaped body.
You cover ground very quickly.
You have extremely tough skin. (AC +3)


Message History

You feel drained. The wight hits you with a scimitar!
* * * LOW HITPOINT WARNING * * *
The wight hits you but does no damage.
Unknown command.
Your chain mail of the Moon prevents you from hitting the wight.
You kick the wight, but do no damage. The wight barely misses you.
The wight hits you but does no damage.
You closely miss the wight. The wight hits you but does no damage.
The wight hits you with a short sword.
* * * LOW HITPOINT WARNING * * *
The wight hits you but does no damage.
Unknown command.
You hit the wight. Your kick misses the wight.
The wight is heavily damaged.
The wight hits you but does no damage. x2; The wight hits you with a scimitar.
* * * LOW HITPOINT WARNING * * *
You closely miss the wight.
The wight is heavily damaged.
The wight barely misses you. The wight hits you with a scimitar!
You die...

############
...........#
.......@)..#
.......zz..#
...........+
....##...###
... #...# ..
#.... #
#.... #....#


You could see 2 wights.

Vanquished Creatures
  Edmund (D:5)
  A water moccasin (D:5)
  An orc warrior (D:4)
  3 ogres
  A sky beast (D:5)
  A phantom (D:4)
  The ghost of Banto the Chiller, an amateur OpIE (D:3)
  A scorpion (D:6)
  A wight (D:7)
  A crimson imp (D:5)
  2 orc priests (D:5)
  A gnoll shaman (D:6)
  4 orc wizards
  2 iguanas
  3 worker ants
  A gnoll (D:6)
  4 adders
  A shadow imp (D:5)
  4 worms
  3 leopard geckos
  5 orcs
  4 giant cockroaches
  4 goblins (D:3)
  8 hobgoblins
  7 jackals
  4 bats
  5 frilled lizards
  5 kobolds
  A leopard gecko skeleton (D:5)
  A quokka zombie (D:5)
  4 rats
85 creatures vanquished.

Notes
Turn   | Place    | Note
-------+----------+-------------------------------------------
     0 | D:1      | NessosFandom the Centaur Warper began the quest for the Orb.
     0 | D:1      | Reached XP level 1. HP: 17/17 MP: 3/3
   303 | D:1      | Reached XP level 2. HP: 12/25 MP: 4/4
   651 | D:1      | Reached skill level 3 in Fighting
  1496 | D:2      | Found a hazy altar of Hepliaklqana.
  1541 | D:2      | Reached XP level 3. HP: 31/31 MP: 5/5
  1822 | D:2      | Learned a level 2 spell: Blink
  2057 | D:3      | Noticed Banto's ghost (amateur OpIE)
  2220 | D:3      | Reached skill level 4 in Fighting
  2476 | D:3      | Killed Banto's ghost
  2476 | D:3      | Reached skill level 5 in Fighting
  2476 | D:3      | Reached XP level 4. HP: 5/42 MP: 6/6
  2766 | D:3      | Noticed an ogre
  2808 | D:3      | Killed an ogre
  2808 | D:3      | Reached skill level 6 in Fighting
  2808 | D:3      | Reached XP level 5. HP: 50/50 MP: 7/7
  3254 | D:4      | Noticed an ogre
  3272 | D:4      | Reached XP level 6. HP: 35/58 MP: 8/8
  3296 | D:4      | Reached skill level 7 in Fighting
  3810 | D:4      | Learned a level 4 spell: Passage of Golubria
  3821 | D:4      | Got a faintly humming chain mail
  3832 | D:4      | Identified the +8 chain mail of the Moon {+Fly rF+} (You found it on level 4 of the Dungeon)
  3951 | D:4      | Reached skill level 1 in Armour
  3951 | D:4      | Reached XP level 7. HP: 60/66 MP: 9/9
  4014 | D:5      | Entered Level 5 of the Dungeon
  4312 | D:4      | Reached skill level 8 in Fighting
  5156 | D:5      | Reached XP level 8. HP: 61/75 MP: 10/10
  5383 | D:6      | Noticed Edmund
  5419 | D:5      | Killed Edmund
  5463 | D:6      | Reached skill level 9 in Fighting
  5512 | D:7      | Slain by a wight

Vault maps used:
D:1:      dpeg_arrival_boxes_within_box
D:2:      marbit_many_paths
D:3:      first_ration
D:6:      lemuel_doored_altar, minmay_temple_entry_junction, st_stairs_9,
          corexii_checkpoint_b, uniq_sigmund, uniq_edmund, uniq_prince_ribbit1
D:7:      old_standard_altar, uniq_joseph

Skill      XL: |  1  2  3  4  5  6  7  8 |
---------------+-------------------------+-----
Fighting       | 3 5 6 7 8 9 |  9.1
Armour         | 1 3 4 |  4.0
Polearms       | |  1.7
Throwing       | |  1.1
Dodging        | |  1.3
Spellcasting   | |  1.5
Translocations | |  2.6

Action                   |  1- 3 |  4- 6 |  7- 9 || total
-------------------------+-------+-------+-------++-------
Melee: Spear             |   170 |    92 |    41 ||   303
       Kick              |    25 |    14 |    39 ||    78
       Dagger            |       |       |    97 ||    97
       Flail             |       |       |    23 ||    23
Throw: Javelin           |     3 |    24 |    25 ||    52
Evoke: Wand              |       |       |     5 ||     5
  Use: Potion            |       |       |     2 ||     2
 Stab: Sleeping          |     6 |       |       ||     6
  Eat: Chunk             |     3 |     3 |     6 ||    12
Armor: Leather armour    |    38 |    17 |       ||    55
       Chain mail        |       |     8 |   135 ||   143
Dodge: Dodged            |    64 |    23 |    41 ||   128

Table legend:
 A = Spawn XP
 B = Non-spawn XP
 C = Spawn XP percentage of total XP
 D = Spawn monster count
 E = Non-spawn monster count
 F = Spawn count percentage of total count
 G = Total turns spent on level
                    A         B        C        D         E        F      G
               +---------+---------+-------+---------+---------+-------+---------
         Total |       0 |    1966 |   0.0 |       0 |      85 |   0.0 |  5512
               +---------+---------+-------+---------+---------+-------+---------
           D:1 |       0 |      24 |   0.0 |       0 |      14 |   0.0 |  1071
           D:2 |       0 |      25 |   0.0 |       0 |      14 |   0.0 |  1000
           D:3 |       0 |     269 |   0.0 |       0 |      16 |   0.0 |  1096
           D:4 |       0 |     742 |   0.0 |       0 |      17 |   0.0 |  1231
           D:5 |       0 |     724 |   0.0 |       0 |      18 |   0.0 |  1025
           D:6 |       0 |     125 |   0.0 |       0 |       5 |   0.0 |    76
           D:7 |       0 |      57 |   0.0 |       0 |       1 |   0.0 |    13
               +---------+---------+-------+---------+---------+-------+---------
